 Dungeon Crawl Stone Soup version 0.20-a0-540-ge6d1839 (webtiles) character file.

240 Eptagon the Sneak (level 5, -5/24 HPs)
             Began as a Spriggan Enchanter on Jan 30, 2017.
             Was a Follower of Ashenzari.
             Killed by divine providence
             ... invoked by an orc priest
              (14 damage)
             ... on level 3 of the Dungeon.
             The game lasted 00:09:42 (3514 turns).

Eptagon the Sneak (Spriggan Enchanter)              Turns: 3514, Time: 00:09:43

Health: -5/24      AC:  2    Str:  5    XL:     5   Next: 80%
Magic:  9/13       EV: 18    Int: 16    God:    Ashenzari [*.....]
Gold:   108        SH:  0    Dex: 17    Spells: 1/13 levels left

rFire    . . .     SeeInvis +   a - +1 dagger
rCold    . . .     Gourm    .   b - +0 robe
rNeg     . . .     Faith    .   (shield restricted)
rPois    .         Spirit   .   (helmet restricted)
rElec    .         Reflect  .   (no cloak)
rCorr    .         Harm     .   (gloves unavailable)
MR       .....                  (boots unavailable)
Stlth    ++++......             (no amulet)
Regen    0.1/turn               (no ring)
                                (no ring)

@: very slightly contaminated, very quick
A: unfitting armour, see invisible, herbivore 3, speed 3, slow metabolism 2
a: Curse Item, Scrying, Renounce Religion


You were on level 3 of the Dungeon.
You worshipped Ashenzari.
Ashenzari was aware of your devotion.
You were hungry.

You visited 1 branch of the dungeon, and saw 3 of its levels.

You collected 108 gold pieces.

Inventory:

Hand Weapons
 a - a +1 dagger (weapon)
Missiles
 t - 36 poisoned needles
Armour
 b - a +0 robe (worn)
Scrolls
 h - 2 scrolls of teleportation {unknown}
 i - 2 scrolls of identify {unknown}
 j - a scroll of fear {unknown}
 m - 2 scrolls of fog {unknown}
 n - a scroll of blinking {unknown}
 p - a scroll of remove curse
 q - a scroll of enchant weapon {unknown}
Potions
 e - 2 potions of haste {unknown}
 f - 3 potions of lignification {unknown}
 k - a potion of flight {unknown}
 l - 3 potions of curing {unknown}
 o - a potion of agility {unknown}
 r - a potion of heal wounds {unknown}
 s - a potion of brilliance {unknown}
Comestibles
 d - 3 bread rations
 g - 5 fruits


   Skills:
 - Level 1.1 Short Blades
 - Level 3.0 Dodging
 + Level 6.6 Stealth
 + Level 4.7 Spellcasting
 + Level 5.7 Hexes


You had one spell level left.
You knew the following spells:

 Your Spells              Type           Power        Failure   Level  Hunger
a - Corona                Hex            ###....      1%          1    None
b - Ensorcelled Hibernat  Hex/Ice        ##....       10%         2    ##.....
c - Confuse               Hex            ###.....     6%          3    ###....
d - Tukima's Dance        Hex            ###.....     6%          3    ###....
s - Dazzling Spray        Conj/Hex       ##....       14%         3    ###....


Dungeon Overview and Level Annotations

Branches:
Dungeon (3/15)

Altars:
Ashenzari


Innate Abilities, Weirdness & Mutations

You are very small and have problems with some larger weapons.
You are too small for most types of armour.
You have supernaturally acute eyesight. (SInv)
You are a herbivore.
You cover ground extremely quickly.
You need consume almost no food.


Message History

You start resting.
The orc priest shouts!
You see here an uncursed dagger.
The orc priest calls down the wrath of Beogh upon you.
Beogh smites you!
Ouch! That really hurt!
Things that are here:
an uncursed hand axe; an uncursed leather armour
Casting: Ensorcelled Hibernation
Confirm with . or Enter, or press ? or * to list all spells.
Aiming: Ensorcelled Hibernation
Press: ? - help, Shift-Dir - straight line, f - orc priest
Aim: an orc priest, wielding a flail (chance to defeat MR: 43%)
You miscast Ensorcelled Hibernation.
You are very lightly contaminated with residual magic.
Your skin tingles.
The orc priest mumbles some strange prayers to Beogh against you.
Beogh smites you!
Ouch! That really hurt!
You die...

........##.#
###...............##
........##.##
###.........###.#.
####..###...#
#.(.......###... ####..#
#...# #..........((...
##...## #...#
#..........##o.. ##.###
#...# ####..##...###..
o..# #...#
#....##.#..##.. ####
#...#######.##.##..##..##
#
#.....).@)o.####...[....#
.....#
#...######..##..........K
......#
######...................
.......
#.....#####....>...#
....... #....##
##........# .......
#....# #..........
....... #....#
#.....†.... .......
#....# ##....)...# #....#
##..##..##


You could see an orc priest.

Vanquished Creatures
  Sigmund (D:3)
  A worker ant (D:3)
  4 adders
  3 oozes
  A worm (D:3)
  A dart slug (D:1)
  4 leopard geckos
  6 orcs (D:3)
  A giant cockroach (D:3)
  8 goblins
  6 hobgoblins
  3 jackals (D:2)
  A quokka (D:2)
  12 bats
  2 frilled lizards
  5 kobolds
  5 rats
64 creatures vanquished.

Vanquished Creatures (others)
  A dancing weapon (D:3)
1 creature vanquished.

Grand Total: 65 creatures vanquished

Notes
Turn   | Place    | Note
-------+----------+-------------------------------------------
     0 | D:1      | Eptagon the Spriggan Enchanter began the quest for the Orb.
     0 | D:1      | Reached XP level 1. HP: 9/9 MP: 5/5
   237 | D:1      | Found a shattered altar of Ashenzari.
   367 | D:1      | Reached XP level 2. HP: 5/13 MP: 6/6
   426 | D:1      | Learned a level 2 spell: Ensorcelled Hibernation
   829 | D:1      | Reached skill level 5 in Stealth
   831 | D:1      | Became a worshipper of Ashenzari the Shackled
  1181 | D:2      | Reached XP level 3. HP: 14/16 MP: 2/8
  1396 | D:2      | Learned a level 3 spell: Confuse
  1834 | D:2      | Reached * piety under Ashenzari
  2188 | D:3      | Reached XP level 4. HP: 21/21 MP: 5/10
  2211 | D:3      | Learned a level 3 spell: Tukima's Dance
  2267 | D:3      | Noticed Sigmund
  2635 | D:3      | Killed Sigmund
  2635 | D:3      | Reached skill level 6 in Stealth
  2635 | D:3      | Reached skill level 5 in Hexes
  2635 | D:3      | Reached XP level 5. HP: 17/24 MP: 2/12
  3006 | D:1      | Learned a level 3 spell: Dazzling Spray
  3514 | D:3      | Killed from afar by an orc priest

Vault maps used:
D:1:      saegor_arrival_simple_a, ashenzari_altar_1
D:3:      first_bread, st_stairs_5, uniq_sigmund

Skill      XL: |  1  2  3  4 |
---------------+-------------+-----
Hexes          | 4 5 |  5.7
Spellcasting   | 3 4 |  4.7
Stealth        | 5 6 |  6.6
Short Blades   | |  1.1
Dodging        | |  3.0

Action                   |  1- 3 |  4- 6 || total
-------------------------+-------+-------++-------
Melee: Dagger            |   135 |    89 ||   224
 Cast: Ensorcelled Hiber |    12 |    35 ||    47
       Tukima's Dance    |       |     3 ||     3
       Confuse           |       |     1 ||     1
 Stab: Sleeping          |    18 |    21 ||    39
       Distracted        |       |     1 ||     1
       Confused          |       |     1 ||     1
  Eat: Fruit             |       |     2 ||     2
Armor: Robe              |    14 |    12 ||    26
Dodge: Dodged            |   134 |    65 ||   199
